 Dungeon Crawl Stone Soup version 0.27.0-1-g7a089689b8 (webtiles) character file.

Game seed: 11338719968294896630

249 ZARRMARR the Cudgeller (level 5, -1/42 HPs)
             Began as a Demonspawn Abyssal Knight on Aug 17, 2021.
             Was a Believer of Lugonu.
             Slain by an orc priest (4 damage)
             ... on level 4 of the Dungeon.
             The game lasted 00:14:18 (5343 turns).

ZARRMARR the Cudgeller (Demonspawn Abyssal Knight)  Turns: 5343, Time: 00:14:19

Health: -1/42      AC:  3    Str: 13    XL:     5   Next: 86%
Magic:  5/6        EV: 11    Int: 14    God:    Lugonu [**....]
Gold:   58         SH:  5    Dex: 12    Spells: 4/4 levels left

rFire    . . .     SeeInvis +   a - +1 mace
rCold    . . .     Faith    .   (no shield)
rNeg     . . .     Spirit   .   b - +0 leather armour
rPois    .         Reflect  +   (helmet restricted)
rElec    .         Harm     .   (no cloak)
rCorr    .         Rampage  .   (no gloves)
Will     .....                  (no boots)
Stlth    +.........             f - amulet of reflection
HPRegen  0.14/turn              j - ring of see invisible
MPRegen  0.10/turn              (no ring)

@: brilliant, hasted, very quick
A: horns 1, foul stench 1, powered by pain 1
a: Renounce Religion, Depart the Abyss, Bend Space


You were on level 4 of the Dungeon.
You worshipped Lugonu.
Lugonu was pleased with you.
You visited 1 branch of the dungeon, and saw 4 of its levels.
You visited the Abyss 1 time.

You collected 118 gold pieces.
You spent 60 gold pieces at shops.

Inventory:

Hand Weapons
 a - a +1 mace (weapon)
Missiles
 d - 2 throwing nets
 e - 41 stones
Armour
 b - a +0 leather armour (worn)
Jewellery
 f - an amulet of reflection (around neck)
 j - a ring of see invisible (left hand)
Wands
 r - a wand of digging (5)
Scrolls
 c - 2 scrolls of amnesia
 g - a scroll of torment
 h - a scroll of teleportation
 k - 2 scrolls of noise
 m - a scroll of immolation {unknown}
Potions
 i - a potion of attraction
 l - a potion of might {unknown}
 n - a potion of mutation {unknown}
 o - a potion of brilliance
 p - a potion of curing
 q - a potion of berserk rage {unknown}


   Skills:
 + Level 3.9 Fighting
 + Level 4.0 Maces & Flails
 + Level 2.8 Armour
 + Level 2.1 Dodging
 + Level 2.6 Invocations


You had 4 spell levels left.
You didn't know any spells.
Your spell library contained the following spells:

 Spells                   Type           Power      Damage    Failure   Level
 Animate Skeleton         Necr           0%         N/A       36%         1
 Apportation              Tloc           0%         N/A       36%         1
 Corona                   Hex            0%         N/A       36%         1
 Summon Small Mammal      Summ           0%         N/A       36%         1
 Blink                    Tloc           N/A        N/A       50%         2
 Manifold Assault         Tloc           0%         N/A       100%        5
 Storm Form               Tmut/Air       0%         N/A       100%        7


Dungeon Overview and Level Annotations

Branches:
Dungeon (4/15)
 Temple: D:4-7

Altars:

Shops:
D:1 ?


Innate Abilities, Weirdness & Mutations

You have a pair of small horns on your head.
You may rarely emit foul miasma when damaged in melee.
You sometimes gain a little power by taking damage.


Message History

The orc priest calls down the wrath of Beogh upon you.
Beogh smites you!
* * * LOW HITPOINT WARNING * * *
It was a potion of curing.
You feel better.
You sock the orc!
You kill the orc!
Lugonu accepts your kill.
The orc throws a poisoned dart.
The poisoned dart hits you!
You are poisoned.
It was a potion of brilliance.
You feel clever all of a sudden.
You feel sick.
You hit the orc priest.
The orc priest is lightly wounded.
You feel sick.
The orc priest begins to cast a cantrip, but forgets the words!
The orc hits you with a +2 hand axe of freezing.
* * * LOW HITPOINT WARNING * * *
The orc freezes you.
* * * LOW HITPOINT WARNING * * *
You feel better. The orc priest closely misses you.
The orc hits you with a +2 hand axe of freezing.
The orc freezes you.
You hit the orc priest.
The orc priest is heavily wounded.
The orc priest casts a cantrip, but nothing happens.
The orc hits you with a +2 hand axe of freezing.
* * * LOW HITPOINT WARNING * * *
The orc freezes you.
* * * LOW HITPOINT WARNING * * *
You emit a cloud of foul miasma!
It was a potion of haste.
You feel yourself speed up.
The orc priest hits you with a +0 hand axe.
* * * LOW HITPOINT WARNING * * *
The orc is engulfed in dark miasma.
The orc is poisoned.
The orc misses you.
Okay, then.
You hit the orc priest.
The orc priest is severely wounded.
The orc priest hits you with a +0 hand axe.
You die...

##..# .... ...### .#
..... .# ##...# .# ....#
# . .## #..#.# .. ..
#.@#.# ... .#
############oo#.#....
.###..........(....'....
......†...........>#....
..##.#..............#
#.##.#.###########......
.....#.# ...... .....#^#
...... .....#.# ...


You could see an orc priest and an orc (poisoned).

Vanquished Creatures
  A hound (D:2)
  Crazy Yiuf (D:3)
  Jessica (D:2)
  Natasha (thrice) (D:3)
  3 adders
  2 dart slugs (D:1)
  An orc (D:4)
  6 ball pythons
  3 endoplasms
  5 giant cockroaches
  4 hobgoblins
  6 kobolds
  5 quokkas
  7 bats
  5 frilled lizards
  4 goblins
  4 rats
61 creatures vanquished.

Vanquished Creatures (others)
  A fungus (D:3)
  3 plants (D:1)
4 creatures vanquished.

Grand Total: 65 creatures vanquished

Notes
Turn   | Place    | Note
-------+----------+-------------------------------------------
     0 | Abyss:1  | ZARRMARR the Demonspawn Abyssal Knight began the quest for
                  | the Orb.
     0 | Abyss:1  | Reached XP level 1. HP: 18/18 MP: 2/2
    56 | Abyss:1  | Noticed a small abomination
    57 | D:1      | Escaped the Abyss
   386 | D:1      | Reached skill level 2 in Maces & Flails
   395 | D:1      | Reached skill level 1 in Dodging
   644 | D:1      | Gained mutation: You have a pair of small horns on your
                  | head. [demonic ancestry]
   644 | D:1      | Reached XP level 2. HP: 18/24 MP: 3/3
   910 | D:1      | Reached * piety under Lugonu
  1376 | D:1      | Found Aphew's Magic Scroll Shop.
  1390 | D:1      | Bought a scroll of identify for 20 gold pieces
  1390 | D:1      | Bought a scroll of identify for 20 gold pieces
  1390 | D:1      | Bought a scroll of identify for 20 gold pieces
  1679 | D:2      | Gained mutation: You may rarely emit foul miasma when
                  | damaged in melee. [demonic ancestry]
  1679 | D:2      | Reached XP level 3. HP: 29/29 MP: 4/4
  2046 | D:2      | Gained mutation: You sometimes gain a little power by
                  | taking damage. [demonic ancestry]
  2046 | D:2      | Reached XP level 4. HP: 9/35 MP: 5/5
  2520 | D:2      | You fall into a shaft and drop 1 floor!
  2599 | D:3      | Noticed Natasha
  2604 | D:3      | Killed Natasha
  2605 | D:3      | Reached skill level 3 in Maces & Flails
  2786 | D:3      | Noticed Natasha
  2795 | D:3      | Killed Natasha
  3209 | D:3      | Reached XP level 5. HP: 39/42 MP: 6/6
  3619 | D:3      | Found a runed translucent door.
  3620 | D:3      | Noticed Crazy Yiuf
  3629 | D:3      | Killed Crazy Yiuf
  3869 | D:3      | Noticed Natasha
  3875 | D:3      | Killed Natasha
  4046 | D:2      | Reached ** piety under Lugonu
  4219 | D:2      | Found a faded altar of an unknown god.
  4501 | D:2      | Noticed Jessica
  4504 | D:2      | Killed Jessica
  5321 | D:4      | Reached skill level 4 in Maces & Flails
  5343 | D:4      | Slain by an orc priest

Illustrated notes

Levels and vault maps discovered:
D:1:      dpeg_arrival_tiny_i, layout_loops_ring, serial_shops,
          nicolae_shop_crystal, serial_forest, infiniplex_forest_lined_3,
          infiniplex_forest_end_1, infiniplex_forest_straight_4,
          infiniplex_forest_clump_curved, infiniplex_forest_side_room,
          infiniplex_forest_corner_1, infiniplex_forest_straight_2,
          infiniplex_forest_lined_ring
D:2:      mumra_celtic_spiral_tile, layout_basic, ebering_ecumenical_altar_hall,
          uniq_jessica
D:3:      layout_loops_cross, uniq_crazy_yiuf_cottage, uniq_natasha
D:4:      minmay_general_purpose_star, layout_basic

Skill      XL: |  1  2  3  4  5 |
---------------+----------------+-----
Maces & Flails | 2 3 4 |  4.0
Dodging        | 1 2 |  2.1
Armour         | 2 |  2.8
Fighting       | |  3.9
Invocations    | |  2.6

Action                   |  1- 3 |  4- 6 || total
-------------------------+-------+-------++-------
Melee: Mace              |   200 |   102 ||   302
       Headbutt          |    34 |    14 ||    48
Invok: Depart the Abyss  |     1 |       ||     1
       Bend Space        |       |     1 ||     1
  Use: Scroll            |     3 |     2 ||     5
       Potion            |       |     4 ||     4
Armor: Leather armour    |    45 |    24 ||    69
Dodge: Dodged            |    87 |    64 ||   151
Block: Other             |       |     6 ||     6
